 Dungeon Crawl Stone Soup version 0.29-a0-717-g6dac4ea423 (webtiles) character file.

Game seed: 12791288633490143577

39 Sabo the Trooper (level 3, -1/33 HPs)
             Began as a Hill Orc Fighter on June 26, 2022.
             Succumbed to Robin's poison
             ... on level 2 of the Dungeon.
             The game lasted 00:03:48 (862 turns).

Sabo the Trooper (Hill Orc Fighter)                  Turns: 862, Time: 00:03:49

Health: -1/33      AC:  8    Str: 20    XL:     3   Next: 47%
Magic:  3/3        EV:  9    Int:  8    God:
Gold:   88         SH:  4    Dex: 10    Spells: 2/2 levels left

rFire   . . .      SeeInvis .   a - +0 war axe
rCold   . . .      Faith    .   c - +0 buckler
rNeg    . . .      Spirit   .   b - +0 scale mail
rPois   .          Reflect  .   (no helmet)
rElec   .          Harm     .   (no cloak)
rCorr   .          Rampage  .   g - +0 pair of gloves
Will    .....                   (no boots)
Stlth   ..........              (no amulet)
HPRegen 0.11/turn               (no ring)
MPRegen 0.08/turn               (no ring)

@: mighty, lethally poisoned (-1 -> -6), invisible
A: no striking features
a: no special abilities


You were on level 2 of the Dungeon.
You visited 1 branch of the dungeon, and saw 2 of its levels.

You collected 88 gold pieces.

Inventory:

Hand Weapons
 a - a +0 war axe (weapon)
 h - a +1 short sword of draining
Armour
 b - a +0 scale mail (worn)
 c - a +0 buckler (worn)
 g - a +0 pair of gloves (worn)
Scrolls
 e - a scroll of identify {unknown}
 i - 2 scrolls of teleportation {unknown}
 k - a scroll of amnesia {unknown}
Potions
 j - a potion of mutation {unknown}
 l - a potion of attraction {unknown}


   Skills:
 + Level 4.1 Fighting
 + Level 3.4 Axes
 + Level 3.6 Armour
 + Level 0.1 Dodging
 + Level 0.3 Stealth
 + Level 3.6 Shields


You had 2 spell levels left.
You didn't know any spells.
Your spell library was empty.

Dungeon Overview and Level Annotations

Branches:
Dungeon (2/15)

Altars:

Shops:
D:1 [

Annotations:
D:2 Robin


Message History

You hit the goblin.
You kill the goblin!
You slash the goblin!
You kill the goblin!
You barely miss the goblin.
You feel very sick. You block the goblin's attack.
You hit the goblin.
You kill the goblin!
You hit the goblin.
You kill the goblin!
You completely miss the goblin.
You feel sick. The goblin closely misses you.
You barely miss the goblin. You hit Robin.
You feel sick.
Robin hits you with a +3 short sword of venom.
You are more poisoned.
The goblin hits you but does no damage.
You completely miss Robin.
Robin is moderately wounded.
You barely miss the goblin.
You feel very sick. The goblin hits you with a +0 club.
Robin barely misses you.
You hit Robin but do no damage.
Robin is moderately wounded.
You barely miss the hobgoblin. You barely miss the goblin.
You feel very sick. The hobgoblin hits you.
* * * LOW HITPOINT WARNING * * *
The goblin hits you but does no damage. Robin closely misses you.
The hobgoblin barely misses you. The goblin hits you but does no damage.
Robin hits you but does no damage.
You feel very mighty all of a sudden.
* * * LOW HITPOINT WARNING * * *
You feel sick. Robin throws the goblin at you!
* * * LOW HITPOINT WARNING * * *
The hobgoblin hits you.
* * * LOW HITPOINT WARNING * * *
You block the goblin's attack.
It was a potion of invisibility.
You fade into invisibility!
You die...

#...# #...# #...#
#...# .
######...######
#..#..............
......g)..........
#..g@g.........
#####)....#####
#.....# #.....#
#.....# #.....# ##
####.######.##
#............##
#.##..#.#.....##


You could see Robin (can't see you), a hobgoblin (strong, can't see you) and a
goblin (strong, can't see you).

Vanquished Creatures
  A dart slug (D:1)
  2 endoplasms (D:1)
  A giant cockroach (D:1)
  8 goblins (D:2)
  A hobgoblin (D:2)
  3 jackals (D:1)
  4 quokkas (D:1)
  A ball python (D:1)
  6 kobolds (D:1)
  5 rats (D:1)
32 creatures vanquished.

Notes
Turn   | Place    | Note
-------+----------+-------------------------------------------
     0 | D:1      | Sabo the Hill Orc Fighter began the quest for the Orb.
     0 | D:1      | Reached XP level 1. HP: 19/19 MP: 1/1
   289 | D:1      | Reached XP level 2. HP: 27/27 MP: 2/2
   379 | D:1      | Reached skill level 4 in Fighting
   473 | D:1      | Found Ihas's Armour Boutique.
   528 | D:1      | Reached XP level 3. HP: 32/33 MP: 3/3
   851 | D:2      | Noticed Robin
   861 | D:2      | HP: 1/33 [hobgoblin[Robin] (4)]
   862 | D:2      | Succumbed to Robin's poison

Illustrated notes

Levels and vault maps discovered:
D:1:      dpeg_arrival_stonehenge_12_columns, layout_loops_cross, serial_shops,
          shop, minmay_box_of_dots
D:2:      layout_loops_cross, shapermc_ecumenical_altar_rom_forum,
          minmay_increasing_density, uniq_robin

Skill      XL: |  1  2 |
---------------+-------+-----
Axes           | 3 |  3.4
Fighting       | 4 |  4.1
Armour         | |  3.6
Dodging        | |  0.1
Stealth        | |  0.3
Shields        | |  3.6

Action                   || total
-------------------------++-------
Melee: War axe           ||    58
  Use: Potion            ||     2
Armor: Scale mail        ||    31
Dodge: Dodged            ||    33
Block: Buckler           ||    15

Table legend: (Time is in decaauts)
 A = Elapsed time spent in this place.
 B = Non-inter-level travel time spent in this place.
 C = Inter-level travel time spent in this place.
 D = Time resting spent in this place.
 E = Time spent auto-exploring this place.
 F = Levels seen in this place.
 G = Mean time per level.
                   A        B        C        D        E       F      G
               +--------+--------+--------+--------+--------+-----+--------+
         Total |    884 |    884 |      0 |    154 |      0 |   2 |  442.0 |
       Dungeon |    884 |    884 |      0 |    154 |      0 |   2 |  442.0 |
               +--------+--------+--------+--------+--------+-----+--------+

Top non-repeatable levels by time:
     D:1: 840 daAuts
     D:2: 43 daAuts
